 Dungeon Crawl Stone Soup version 0.30-a0-937-ga0a21ad780 (webtiles) character file.

Game seed: 11634409916079768093

59 Hades the Ducker (level 3, -1/27 HPs)
             Began as a Demonspawn Gladiator on Mar 24, 2023.
             Killed from afar by Natasha (9 damage)
             ... with a magic dart
             ... on level 2 of the Dungeon.
             The game lasted 00:05:47 (944 turns).

Hades the Ducker (Demonspawn Gladiator)              Turns: 944, Time: 00:05:47

Health: -1/27      AC:  7    Str: 14    XL:     3   Next: 78%
Magic:  4/4        EV: 13    Int:  9    God:
Gold:   72         SH:  0    Dex: 16    Spells: 4/4 levels left

rFire   . . .      SeeInvis .    a - +0 war axe
rCold   + . .      Faith    .    (no shield)
rNeg    . . .      Spirit   .    l - +0 ring mail
rPois   .          Reflect  .    c - +0 helmet
rElec   .          Rampage  .    (no cloak)
rCorr   .                        g - +0 pair of gloves
Will    .....                    (no boots)
Stlth   +                        (no amulet)
HPRegen 0.24/turn                k - ring of protection from cold
MPRegen 0.09/turn                (no ring)

@: slowed, very slow
A: repulsion field 1
a: no special abilities


You were on level 2 of the Dungeon.
You visited 1 branch of the dungeon, and saw 2 of its levels.

You collected 72 gold pieces.

Inventory:

Hand Weapons
 a - a +0 war axe (weapon)
Missiles
 d - 4 throwing nets (quivered)
 e - a javelin
Armour
 b - a +0 leather armour
 c - a +0 helmet (worn)
 g - a +0 pair of gloves (worn)
 l - a +0 ring mail (worn)
Jewellery
 k - a ring of protection from cold (left hand)
Scrolls
 h - a scroll of vulnerability {unknown}
 j - 2 scrolls of teleportation
 m - a scroll of fear {unknown}
 o - a scroll of identify {unknown}
 p - a scroll of torment {unknown}
Potions
 f - a potion of cancellation {unknown}
 i - 3 potions of mutation {unknown}
 n - a potion of brilliance


   Skills:
 + Level 2.3 Fighting
 + Level 3.0 Axes
 + Level 1.9 Throwing
 * Level 0.7 Armour
 + Level 3.2 Dodging
 * Level 1.0 Stealth
 * Level 1.0 Spellcasting


You had 4 spell levels left.
You didn't know any spells.
Your spell library contained the following spells:

 Spells                   Type           Power      Damage    Failure   Level
 Summon Forest            Summ/Tloc      0%         N/A       100%        5
 Summon Mana Viper        Hex/Summ       0%         N/A       100%        5
 Summon Cactus Giant      Summ           0%         N/A       100%        6


Dungeon Overview and Level Annotations

Branches:
Dungeon (2/15)

Altars:

Annotations:
D:2 Natasha


Innate Abilities, Weirdness & Mutations

You are surrounded by a mild repulsion field. (EV +2)


Message History

The magic dart hits you. The shadow imp closely misses you.
You slash Natasha!
Natasha is severely wounded.
You hit the crimson imp. You hit the shadow imp. x2
The crimson imp closely misses you. The shadow imp barely misses you.
Natasha claws you. The shadow imp completely misses you.
The crimson imp closely misses you.
Sorry, you're not good enough to have a special ability.
You hit Natasha but do no damage.
Natasha is severely wounded.
You slash the crimson imp! You hit the shadow imp.
You kill the shadow imp!
The shadow imp disappears in a puff of smoke!
You hit the shadow imp but do no damage.
The shadow imp closely misses you.
Natasha wildly gestures.
You feel disoriented. Natasha closely misses you.
The crimson imp barely misses you.
The shadow imp hits you but does no damage.
Natasha stares at you and mumbles some strange words.
The magic dart hits you but does no damage.
You hit Natasha.
Natasha is almost dead.
You hit the crimson imp. You hit the shadow imp. The crimson imp misses you.
The shadow imp barely misses you.
Natasha stares at you and mumbles some strange words.
You feel yourself slow down.
You closely miss Natasha.
Natasha is almost dead.
You hit the shadow imp. You closely miss the crimson imp.
The crimson imp barely misses you.
The shadow imp hits you but does no damage.
Natasha stares at you and mumbles some strange words.
The magic dart hits you.
* * * LOW HITPOINT WARNING * * *
The crimson imp closely misses you.
The shadow imp hits you but does no damage.
Natasha casts a spell at you. The magic dart hits you!
You die...

.......######..#......#...###..##
......## #.............### #..#
......# #....#........### #.#
......# ##...........#...# ..
......####.....#..........# ..
..........................# .
#.####.####...........##### .
..###..# #.....5....######.# ..
####..## #.....@...........# ...
###..## #....>h5....#.#####....
....## #.........###........#
##### #####.....####......## #
###..#.#..........## #
<##.............###..# #
..........#..#...# #.... #
.................# ###. #
.........##......#


You could see Natasha (empowered), a crimson imp (summoned) and a shadow imp
(summoned).

Vanquished Creatures
  Natasha (D:2)
  An adder (D:2)
  A worm (D:2)
  A bat (D:2)
  3 endoplasms (D:1)
  2 giant cockroaches
  2 goblins
  2 hobgoblins
  2 ball pythons (D:1)
  4 frilled lizards
  2 kobolds
  5 rats
26 creatures vanquished.

Notes
Turn   | Place    | Note
-------+----------+-------------------------------------------
     0 | D:1      | Hades the Demonspawn Gladiator began the quest for the Orb.
     0 | D:1      | Reached XP level 1. HP: 16/16 MP: 1/1
   198 | D:1      | Gained mutation: You are surrounded by a mild repulsion
                  | field. (EV +2) [demonic ancestry]
   198 | D:1      | Reached XP level 2. HP: 16/22 MP: 2/2
   751 | D:2      | Noticed Natasha
   755 | D:2      | Killed Natasha
   756 | D:2      | Reached XP level 3. HP: 27/27 MP: 2/4
   815 | D:2      | Reached skill level 1 in Stealth
   815 | D:2      | Reached skill level 1 in Spellcasting
   929 | D:2      | Noticed Natasha
   944 | D:2      | Killed from afar by Natasha

Illustrated notes

Levels and vault maps discovered:
D:1:      grunt_arrival_lava_bath, layout_rooms
D:2:      layout_rooms, basic_altar, uniq_natasha

Skill      XL: |  1  2  3 |
---------------+----------+-----
Dodging        | 3 |  3.2
Axes           | 3 |  3.0
Stealth        | 1 |  1.0
Spellcasting   | 1 |  1.0
Fighting       | |  2.3
Throwing       | |  1.9
Armour         | |  0.7

Action                     || total
---------------------------++-------
  Melee: War axe           ||    94
    Use: Scroll            ||     1
   Stab: Sleeping          ||     1
 Armour: Leather armour    ||    14
         Ring mail         ||    20
  Dodge: Dodged            ||    78

Table legend: (Time is in decaauts)
 A = Elapsed time spent in this place.
 B = Non-inter-level travel time spent in this place.
 C = Inter-level travel time spent in this place.
 D = Time resting spent in this place.
 E = Time spent auto-exploring this place.
 F = Levels seen in this place.
 G = Mean time per level.
                   A        B        C        D        E       F      G
               +--------+--------+--------+--------+--------+-----+--------+
         Total |    976 |    976 |      0 |      0 |      0 |   2 |  488.0 |
       Dungeon |    976 |    976 |      0 |      0 |      0 |   2 |  488.0 |
               +--------+--------+--------+--------+--------+-----+--------+

Top non-repeatable levels by time:
     D:1: 553 daAuts
     D:2: 423 daAuts
